TOP OF THE 1ST |
Calgary Cowboys batting - Pitching for Spokane Trappers : RHP Flávio De Brito
|
Pitching: RHP Flávio De Brito
|
|
Batting: RHB César Rodríguez
|
0-0: Called Strike 0-1: SINGLE (Line Drive, 78S)
|
Batting: LHB Del Kennedy
|
0-0: Ball 1-0: Ball 2-0: Called Strike 2-1: Ball 3-1: Foul Ball, location: 2F 3-2: Strikes out swinging
|
Batting: RHB Tom Rowe
|
0-0: Ball 1-0: Foul Ball, location: 2F 1-1: Ball 2-1: Foul Ball, location: 2F 2-2: Strikes out swinging
|
Batting: LHB Miguel Pérez
|
0-0: Called Strike César Rodríguez steals 2nd base 0-1: Ball 1-1: Foul Ball, location: 2F 1-2: Ground out 6-3 (Groundball, 6)
|
Top of the 1st over - 0 run(s), 1 hit(s), 0 error(s), 1 left on base; Calgary 0 - Spokane 0 |
BOTTOM OF THE 1ST |
Spokane Trappers batting - Pitching for Calgary Cowboys : LHP Manuel Gil
|
Pitching: LHP Manuel Gil
|
|
Batting: RHB Tony Hernández
|
0-0: Ball 1-0: Foul Ball, location: 2F 1-1: Ball 2-1: Ball 3-1: Foul Ball, location: 2F 3-2: Ground out 3-1 (Groundball, 34)
|
Batting: LHB Pedro Camacho
|
0-0: Ground out 4-3 (Groundball, 4)
|
Batting: RHB Jeremy Carr
|
0-0: Ball 1-0: Called Strike 1-1: Ball 2-1: Foul Ball, location: 2F 2-2: Ball 3-2: Foul Ball, location: 2F 3-2: Foul Ball, location: 2F 3-2: Ground out 5-3 (Groundball, 5S)
|
Bottom of the 1st over - 0 run(s), 0 hit(s), 0 error(s), 0 left on base; Calgary 0 - Spokane 0 |
TOP OF THE 2ND |
Calgary Cowboys batting - Pitching for Spokane Trappers : RHP Flávio De Brito
|
Batting: RHB Jorge Balencia
|
0-0: Ball 1-0: Ball 2-0: Ball 3-0: Base on Balls
|
Batting: LHB Freddy Herrera
|
0-0: Foul Ball, location: 2F 0-1: Foul Ball, location: 2F 0-2: Foul Ball, location: 2F 0-2: Foul Ball, location: 2F 0-2: Fly out, F5 (Popup, 6S)
|
Batting: RHB Travis Colbert
|
0-0: Ball 1-0: Foul Ball, location: 2F 1-1: Ground out 5-3 (Groundball, 56S) Jorge Balencia to second
|
Batting: RHB Shayne Burry
|
0-0: Called Strike 0-1: Ball 1-1: Ball 2-1: SINGLE (Groundball, 6MD) Jorge Balencia to third Runner from 3rd tries for Home, SAFE, no throw
|
Batting: RHB Mario Sánchez
|
0-0: Ball 1-0: Ball 2-0: Foul Ball, location: 2F 2-1: Ball 3-1: Base on Balls Shayne Burry to second
|
Batting: RHB César Rodríguez
|
0-0: Fly out, F4 (Popup, 3D)
|
Top of the 2nd over - 1 run(s), 1 hit(s), 0 error(s), 2 left on base; Calgary 1 - Spokane 0 |
BOTTOM OF THE 2ND |
Spokane Trappers batting - Pitching for Calgary Cowboys : LHP Manuel Gil
|
Batting: RHB Enrique Soto
|
0-0: Ground out 6-3 (Groundball, 6)
|
Batting: RHB Enrico Rodríguez
|
0-0: Ball 1-0: SINGLE (Groundball, 6D)
|
Batting: RHB Enrique Mendoza
|
0-0: 2-RUN HOME RUN (Flyball, 78XD), Distance : 399 ft
|
Batting: RHB Trent Rasmussen
|
0-0: Ground out 5-3 (Groundball, 56S)
|
Batting: RHB Octávio Zúńiga
|
0-0: Ball 1-0: Foul Ball, location: 2F 1-1: Foul Ball, location: 2F 1-2: Strikes out looking
|
Bottom of the 2nd over - 2 run(s), 2 hit(s), 0 error(s), 0 left on base; Calgary 1 - Spokane 2 |
TOP OF THE 3RD |
Calgary Cowboys batting - Pitching for Spokane Trappers : RHP Flávio De Brito
|
Batting: LHB Del Kennedy
|
0-0: Ball 1-0: Ground out U3 (Groundball, 34)
|
Batting: RHB Tom Rowe
|
0-0: Ball 1-0: Fly out, F7 (Flyball, 78S)
|
Batting: LHB Miguel Pérez
|
0-0: Called Strike 0-1: SOLO HOME RUN (Flyball, 89XD), Distance : 396 ft
|
Batting: RHB Jorge Balencia
|
0-0: Called Strike 0-1: Fly out, F7 (Flyball, 78M)
|
Top of the 3rd over - 1 run(s), 1 hit(s), 0 error(s), 0 left on base; Calgary 2 - Spokane 2 |
BOTTOM OF THE 3RD |
Spokane Trappers batting - Pitching for Calgary Cowboys : LHP Manuel Gil
|
Batting: RHB Clyde Kelley
|
0-0: Called Strike 0-1: SINGLE (Groundball, 6MD)
|
Batting: RHB Tony Hernández
|
0-0: Foul Ball, location: 2F 0-1: Ball 1-1: SINGLE (Flyball, 8RS) Clyde Kelley to second
|
Batting: LHB Pedro Camacho
|
0-0: Ball 1-0: Swinging Strike 1-1: Foul Ball, location: 2F 1-2: Ball 2-2: Foul Ball, location: 2F 2-2: Foul Ball, location: 2F 2-2: Foul Ball, location: 2F 2-2: Foul Ball, location: 2F 2-2: Strikes out looking
|
Batting: RHB Jeremy Carr
|
0-0: Ball 1-0: Called Strike 1-1: Ball 2-1: Ball 3-1: Base on Balls Clyde Kelley to third Tony Hernández to second
|
Batting: RHB Enrique Soto
|
0-0: Ball 1-0: Ball 2-0: Grounds into double play, 6-4-3 (Groundball, 6)
|
Bottom of the 3rd over - 0 run(s), 2 hit(s), 0 error(s), 2 left on base; Calgary 2 - Spokane 2 |
TOP OF THE 4TH |
Calgary Cowboys batting - Pitching for Spokane Trappers : RHP Flávio De Brito
|
Batting: LHB Freddy Herrera
|
0-0: Ball 1-0: Foul Ball, location: 2F 1-1: Foul Ball, location: 2F 1-2: Ball 2-2: Foul Ball, location: 2F 2-2: Ball 3-2: Strikes out swinging
|
Batting: RHB Travis Colbert
|
0-0: Ground out 5-3 (Groundball, 5S)
|
Batting: RHB Shayne Burry
|
0-0: Swinging Strike 0-1: Swinging Strike 0-2: Strikes out looking
|
Top of the 4th over - 0 run(s), 0 hit(s), 0 error(s), 0 left on base; Calgary 2 - Spokane 2 |
BOTTOM OF THE 4TH |
Spokane Trappers batting - Pitching for Calgary Cowboys : LHP Manuel Gil
|
Batting: RHB Enrico Rodríguez
|
0-0: Fly out, F7 (Flyball, 7)
|
Batting: RHB Enrique Mendoza
|
0-0: Fly out, F9 (Flyball, 9S)
|
Batting: RHB Trent Rasmussen
|
0-0: DOUBLE (Line Drive, 7LS)
|
Batting: RHB Octávio Zúńiga
|
0-0: Ground out 1-3 (Groundball, P)
|
Bottom of the 4th over - 0 run(s), 1 hit(s), 0 error(s), 1 left on base; Calgary 2 - Spokane 2 |
TOP OF THE 5TH |
Calgary Cowboys batting - Pitching for Spokane Trappers : RHP Flávio De Brito
|
Batting: RHB Mario Sánchez
|
0-0: Ground out 4-3 (Groundball, 4)
|
Batting: RHB César Rodríguez
|
0-0: Called Strike 0-1: Foul Ball, location: 2F 0-2: Ball 1-2: Hit by Pitch
|
Batting: LHB Del Kennedy
|
0-0: Fly out, F8 (Flyball, 8RM)
|
Batting: RHB Tom Rowe
|
0-0: Ball Throwing error on steal attempt, E2 César Rodríguez to third 1-0: Ball 2-0: Called Strike 2-1: SINGLE (Line Drive, 3L) César Rodríguez scores
|
Batting: LHB Miguel Pérez
|
0-0: Fly out, F7 (Flyball, 78S)
|
Top of the 5th over - 1 run(s), 1 hit(s), 1 error(s), 1 left on base; Calgary 3 - Spokane 2 |
BOTTOM OF THE 5TH |
Spokane Trappers batting - Pitching for Calgary Cowboys : LHP Manuel Gil
|
Batting: RHB Clyde Kelley
|
0-0: Ball 1-0: SOLO HOME RUN (Flyball, 78XD), Distance : 404 ft
|
Batting: RHB Tony Hernández
|
0-0: Ball 1-0: Ball 2-0: Foul Ball, location: 2F 2-1: Swinging Strike 2-2: Ball 3-2: Fly out, F8 (Flyball, 89D)
|
Batting: LHB Pedro Camacho
|
0-0: SINGLE (Groundball, 34S) (infield hit)
|
Batting: RHB Jeremy Carr
|
0-0: Ball Pedro Camacho is caught stealing 2nd base 1-0: Foul Ball, location: 2F 1-1: Ball 2-1: Fly out, F9 (Line Drive, 9D)
|
Bottom of the 5th over - 1 run(s), 2 hit(s), 0 error(s), 0 left on base; Calgary 3 - Spokane 3 |
TOP OF THE 6TH |
Calgary Cowboys batting - Pitching for Spokane Trappers : RHP Flávio De Brito
|
Batting: RHB Jorge Balencia
|
0-0: Called Strike 0-1: Called Strike 0-2: Ball 1-2: Ball 2-2: Strikes out swinging
|
Batting: LHB Freddy Herrera
|
0-0: Ball 1-0: Fly out, F6 (Line Drive, 6M)
|
Batting: RHB Travis Colbert
|
0-0: Called Strike 0-1: Called Strike 0-2: Ball 1-2: Strikes out looking
|
Top of the 6th over - 0 run(s), 0 hit(s), 0 error(s), 0 left on base; Calgary 3 - Spokane 3 |
BOTTOM OF THE 6TH |
Spokane Trappers batting - Pitching for Calgary Cowboys : LHP Manuel Gil
|
Batting: RHB Enrique Soto
|
0-0: Ball 1-0: Foul Ball, location: 2F 1-1: Ball 2-1: Foul Ball, location: 2F 2-2: Foul Ball, location: 2F 2-2: Ball 3-2: Base on Balls
|
Batting: RHB Enrico Rodríguez
|
0-0: SINGLE (Flyball, 9LS) Enrique Soto to second Runner from 2nd tries for 3rd, SAFE, throw made to third
|
Batting: RHB Enrique Mendoza
|
0-0: Ball 1-0: Ball 2-0: Ball 3-0: Called Strike 3-1: Foul Ball, location: 2F 3-2: Base on Balls Enrico Rodríguez to second
|
Batting: RHB Trent Rasmussen
|
0-0: Ball 1-0: Ball 2-0: Ball 3-0: Called Strike 3-1: Foul Ball, location: 2F 3-2: Strikes out looking
|
Batting: RHB Octávio Zúńiga
|
0-0: Fly out, F9 (Flyball, 9LS) Runner from 3rd tags up, SCORES, no throw
|
Batting: RHB Clyde Kelley
|
0-0: Swinging Strike 0-1: Foul Ball, location: 2F 0-2: Ball 1-2: Ball 2-2: Foul Ball, location: 2F 2-2: Ball 3-2: Strikes out swinging
|
Bottom of the 6th over - 1 run(s), 1 hit(s), 0 error(s), 2 left on base; Calgary 3 - Spokane 4 |
TOP OF THE 7TH |
Calgary Cowboys batting - Pitching for Spokane Trappers : RHP Flávio De Brito
|
Batting: RHB Shayne Burry
|
0-0: Ball 1-0: Foul Ball, location: 2F 1-1: Called Strike 1-2: Ball 2-2: Ball 3-2: Foul Ball, location: 2F 3-2: SINGLE (Line Drive, 5D)
|
Batting: RHB Mario Sánchez
|
0-0: Sac Bunt - play at second, runner OUT! 1-6
|
Pinch Hitting: LHB Fred Abrams
|
0-0: Swinging Strike 0-1: Ball 1-1: Ball 2-1: Swinging Strike 2-2: Ball 3-2: Strikes out looking
|
Batting: LHB Del Kennedy
|
0-0: Ball 1-0: SINGLE (Groundball, 4D) Mario Sánchez to second Runner from 2nd tries for 3rd, SAFE, throw made to third
|
Batting: RHB Tom Rowe
|
0-0: Called Strike 0-1: Ball 1-1: Ball 2-1: Called Strike 2-2: Foul Ball, location: 2F 2-2: Ball 3-2: Foul Ball, location: 2F 3-2: TRIPLE (Flyball, 89D) Mario Sánchez scores Del Kennedy scores
|
Pitching: LHP Adrián León
|
|
Pinch Hitting: RHB Dan Wyatt
|
0-0: Ball 1-0: Called Strike 1-1: Ball 2-1: Foul Ball, location: 2F 2-2: Ball 3-2: SINGLE (Groundball, 56D) Tom Rowe scores
|
Batting: RHB Jorge Balencia
|
0-0: Called Strike 0-1: Fly out, F4 (Line Drive, 4M)
|
Top of the 7th over - 3 run(s), 4 hit(s), 0 error(s), 1 left on base; Calgary 6 - Spokane 4 |
BOTTOM OF THE 7TH |
Spokane Trappers batting - Pitching for Calgary Cowboys : LHP Manuel Gil
|
Pitching: RHP Lorenzo Montáńez
|
|
Now at 1B: Dan Wyatt
|
|
Now in LF: Fred Abrams
|
|
Batting: RHB Tony Hernández
|
0-0: Ball 1-0: Ball 2-0: Ground out 4-3 (Groundball, 4)
|
Batting: LHB Pedro Camacho
|
0-0: Ball 1-0: Ball 2-0: Foul Ball, location: 2F 2-1: Ball 3-1: Base on Balls
|
Batting: RHB Jeremy Carr
|
0-0: Ball 1-0: Fly out, F4 (Line Drive, 4)
|
Batting: RHB Enrique Soto
|
0-0: Ball Balk! Pedro Camacho to second 1-0: Called Strike 1-1: Ball 2-1: Foul Ball, location: 2F 2-2: Strikes out looking
|
Bottom of the 7th over - 0 run(s), 0 hit(s), 0 error(s), 1 left on base; Calgary 6 - Spokane 4 |
TOP OF THE 8TH |
Calgary Cowboys batting - Pitching for Spokane Trappers : LHP Adrián León
|
Batting: LHB Freddy Herrera
|
0-0: Called Strike 0-1: Foul Ball, location: 2F 0-2: Ground out 4-3 (Groundball, 4M)
|
Batting: RHB Travis Colbert
|
0-0: Called Strike 0-1: Ball 1-1: Swinging Strike 1-2: SINGLE (Groundball, 56D)
|
Batting: RHB Shayne Burry
|
0-0: Ball 1-0: Foul Ball, location: 2F 1-1: Called Strike 1-2: Ball 2-2: Fly out, F9 (Flyball, 9S)
|
Batting: RHB Mario Sánchez
|
0-0: Ball 1-0: Ball 2-0: Ball 3-0: Called Strike 3-1: Called Strike 3-2: Foul Ball, location: 2F 3-2: Base on Balls Travis Colbert to second
|
Pinch Hitting: RHB Paul Swift
|
0-0: Ball 1-0: Called Strike 1-1: DOUBLE (Line Drive, 9LM) Travis Colbert scores Mario Sánchez to third
|
Batting: LHB Del Kennedy
|
0-0: Ball 1-0: 3-RUN HOME RUN (Flyball, 9D), Distance : 375 ft
|
Batting: RHB Tom Rowe
|
0-0: Ball 1-0: DOUBLE (Line Drive, 7LD)
|
Pitching: RHP Ramón Fonseca
|
|
Batting: RHB Dan Wyatt
|
0-0: Ball 1-0: Foul Ball, location: 2F 1-1: Ball 2-1: Ground out 5-3 (Groundball, 56)
|
Top of the 8th over - 4 run(s), 4 hit(s), 0 error(s), 1 left on base; Calgary 10 - Spokane 4 |
BOTTOM OF THE 8TH |
Spokane Trappers batting - Pitching for Calgary Cowboys : RHP Lorenzo Montáńez
|
Now in LF: Derek Carr
|
|
Batting: RHB Enrico Rodríguez
|
0-0: Ball 1-0: Ground out 6-3 (Groundball, 6)
|
Batting: RHB Enrique Mendoza
|
0-0: Called Strike 0-1: Foul Ball, location: 2F 0-2: Ball 1-2: SINGLE (Groundball, 56D)
|
Batting: RHB Trent Rasmussen
|
0-0: Ground out 6-3 (Groundball, 6S) Enrique Mendoza to second
|
Batting: RHB Octávio Zúńiga
|
0-0: Swinging Strike 0-1: Called Strike 0-2: Ball 1-2: Ball 2-2: Hit by Pitch
|
Batting: RHB Clyde Kelley
|
0-0: SINGLE (Flyball, 78S) Enrique Mendoza to third Octávio Zúńiga to second Runner from 3rd tries for Home, SAFE, no throw
|
Batting: RHB Tony Hernández
|
0-0: Ball 1-0: Foul Ball, location: 2F 1-1: Called Strike 1-2: Ball 2-2: Fly out, F7 (Flyball, 7)
|
Bottom of the 8th over - 1 run(s), 2 hit(s), 0 error(s), 2 left on base; Calgary 10 - Spokane 5 |
TOP OF THE 9TH |
Calgary Cowboys batting - Pitching for Spokane Trappers : RHP Ramón Fonseca
|
Batting: RHB Jorge Balencia
|
0-0: Ground out 4-3 (Groundball, 4M)
|
Batting: LHB Freddy Herrera
|
0-0: Ball 1-0: Fly out, F7 (Flyball, 7S)
|
Batting: RHB Travis Colbert
|
0-0: Called Strike 0-1: Ball 1-1: Swinging Strike 1-2: Strikes out swinging, 2-3 out at first.
|
Top of the 9th over - 0 run(s), 0 hit(s), 0 error(s), 0 left on base; Calgary 10 - Spokane 5 |
BOTTOM OF THE 9TH |
Spokane Trappers batting - Pitching for Calgary Cowboys : RHP Lorenzo Montáńez
|
Batting: LHB Pedro Camacho
|
0-0: Foul Ball, location: 2F 0-1: Foul Ball, location: 2F 0-2: Ball 1-2: Ball 2-2: Strikes out looking
|
Batting: RHB Jeremy Carr
|
0-0: Ball 1-0: Swinging Strike 1-1: Foul Ball, location: 2F 1-2: Foul Ball, location: 2F 1-2: Foul Ball, location: 2F 1-2: TRIPLE (Line Drive, 9LM)
|
Pitching: RHP Bernardo Romero
|
|
Batting: RHB Enrique Soto
|
0-0: Ground out 6-3 (Groundball, 6) Jeremy Carr scores
|
Batting: RHB Enrico Rodríguez
|
0-0: Foul Ball, location: 2F 0-1: Ball 1-1: Swinging Strike 1-2: Ball 2-2: Strikes out swinging
|
Bottom of the 9th over - 1 run(s), 1 hit(s), 0 error(s), 0 left on base; Calgary 10 - Spokane 6 |
|